Cogmind - Beta 16 --- EXPLORER MODE // 2025.12.22 @ 14:09:28 Player: K.K.Y. Result: Destroyed by as-13504 with Assembled Heavy Rifle Performance ------------- Evolutions (0) 0 Regions Visited (2) 400 Robots Destroyed (20) 100 Value Destroyed (327) 327 Prototype IDs (8) 160 Alien Tech Used (0) 0 Bonus (0) 0 TOTAL SCORE: 987 Bonus ------- None Cogmind --------- Core Integrity 0/250 Matter 300/300 Energy 81/100 System Corruption 0% Temperature Cool (9) Movement Core (250) Ox4 Location -10/Mines Parts ------- > --- POWER (1) -------- (None) > --- PROPULSION (2) --- (None) > --- UTILITY (3) ------ Improved Heat Sink Medium Storage Unit Structural Scanner > --- WEAPON (2) ------- Improved Medium Laser > --- INVENTORY (10) --- Improved Treads Improved Treads Huge Storage Unit Huge Storage Unit Transport Network Coupler Hardened Light Armor Plating Hardened Light Armor Plating Slug Cannon Mining Laser Plasma Cutter Peak State ------------ > --- POWER ------------ Ion Engine > --- PROPULSION ------- Improved Treads Improved Treads > --- UTILITY ---------- Medium Storage Unit Decoy Drone Bay > --- WEAPON ----------- Improved Medium Laser Improved Medium Laser > --- INVENTORY -------- Improved Treads Improved Treads Huge Storage Unit Huge Storage Unit Transport Network Coupler Hardened Light Armor Plating Hardened Light Armor Plating Improved Medium Laser Mining Laser Plasma Cutter [Rating: 27] Favorites ----------- Power Ion Engine Engine Ion Engine Propulsion Improved Treads Treads Improved Treads Utility Medium Storage Unit Device Improved Heat Sink Storage Medium Storage Unit Processor Targeting Computer Protection Hardened Light Armor Plating Weapon Improved Medium Laser Energy Gun Improved Medium Laser Ballistic Gun Assault Rifle Build | -11 -10 -10 ------- Run | Yrd Mat Min Slots Evolved 1 | . 1 . Power . | . . . Propulsion . | . . . Utility 1 | . 1 . Weapon . | . . . Parts Attached 17 | 6 9 2 Power 1 | 1 . . Engine 1 | 1 . . Core . | . . . Reactor . | . . . Propulsion 4 | 2 2 . Treads 4 | 2 2 . Leg . | . . . Wheel . | . . . Hover . | . . . Flight . | . . . Utility 8 | 1 5 2 Device 3 | . 1 2 Storage 2 | . 2 . Processor 2 | 1 1 . Hackware . | . . . Protection 1 | . 1 . Artifact . | . . . Weapon 4 | 2 2 . Energy Gun 3 | 1 2 . Energy Cannon . | . . . Ballistic Gun 1 | 1 . . Ballistic Cannon . | . . . Launcher . | . . . Special Weapon . | . . . Impact Weapon . | . . . Slashing Weapon . | . . . Piercing Weapon . | . . . Special Melee Weapon . | . . . Unidentified Prototypes 2 | . 1 1 Parts Lost 4 | . . 4 Power 1 | . . 1 Propulsion 2 | . . 2 Utility . | . . . Weapon 1 | . . 1 Highest Loss Streak 4 | . . 4 To Critical Strikes . | . . . Average Backups 7 | 1 5 10 Power . | . . . Propulsion 1 | . . 2 Utility 3 | . 2 5 Weapon 1 | . 1 2 Tool/Special . | . . . Unused Backups 12 | . 2 10 Power . | . . . Propulsion 2 | . . 2 Utility 6 | . 2 4 Weapon 3 | . . 3 Tool/Special 1 | . . 1 Average Slot Usage (%) 96 | . 93 99 Engine 11 | . 12 11 Treads 24 | . 25 24 Device 8 | . 3 15 Storage 10 | . 8 12 Processor 9 | . 16 . Protection 4 | . 2 8 Energy Gun 23 | . 21 25 Ballistic Gun 1 | . 2 . Peak Build Rating 27 | 6 18 27 Average Rating 14 | 4 13 17 On Entrance 8 | . 6 18 Avg Prop Armor Cover (%) . | . . . Naked Turns . | . . . Heaviest Build 27 | 9 27 27 Greatest Support 46 | 40 46 46 Greatest Overweight (x) . | . . . Average Overweight (x) . | . . . Largest Inventory Capacity 25 | 5 25 10 Average Capacity 8 | 5 8 10 Most Carried 10 | 5 10 10 Average Carried 7 | 1 5 9 Final Capacity 10 | 5 10 10 Final Carried 10 | 2 10 10 Class Distribution -------------------- 100% | Hacker-Mutant Dominant Class ---------------- Hacker-Mutant | -10/Materials Hacker-Mutant | -10/Mines Resources | -11 -10 -10 ----------- Run | Yrd Mat Min Matter Collected 400 | 125 239 36 Remotely . | . . . Salvage Created 585 | 11 286 288 Parts 41 | 3 21 17 Haulers Intercepted . | . . . Recyclers Shooed 1 | . . 1 Parts Field Recycled . | . . . Retrieved Matter . | . . . Parts Self-Destructed . | . . . Prevented . | . . . Parts Restored . | . . . Kills | -11 -10 -10 ------- Run | Yrd Mat Min Combat Hostiles Destroyed 15 | . 7 8 Guns 15 | . 7 8 Classes Destroyed 7 | 1 4 2 Builder 3 | . 1 2 Tunneler 3 | 1 1 1 Recycler 1 | . . 1 Watcher 2 | . 2 . Swarmer 6 | . 4 2 Grunt 5 | . 3 2 Assembled 4 | . . 4 Best Kill Streak 4 | 1 4 3 Combat Bots Only 3 | . 3 3 Max Kills in Single Turn 2 | 1 2 1 Gunslinging 1 | . 1 . Exploded . | . . . Melee . | . . . Uniques/NPCs Destroyed . | . . . Combat | -11 -10 -10 -------- Run | Yrd Mat Min Hostile Shots Fired 136 | . 21 115 Missed 39 | . 3 36 Hits 97 | . 18 79 Melee 8 | . . 8 Projectile 89 | . 18 71 Damage Taken 858 | . 116 742 Core 259 | . 18 241 Absorbed by Shields . | . . . Ignored by Resistances 528 | . 76 452 Core Remaining (%) 100 | 100 . . Volleys Fired 47 | 5 16 26 Largest 2 | 2 2 2 Hottest 112 | 70 112 112 Shots Fired 93 | 10 32 51 Gun 93 | 10 32 51 Cannon . | . . . Launcher . | . . . Special . | . . . Kinetic 10 | 5 5 . Thermal 83 | 5 27 51 Explosive . | . . . Electromagnetic . | . . . Robot Hit Streak 16 | 9 16 12 Robot Miss Streak 2 | . 1 2 Penetration Max . | . . . Secondary Targets 4 | . 2 2 Max Gunslinging Chain 1 | . 1 1 Shots Hit Robots 73 | 9 25 39 Core Hits 32 | 2 13 17 Critical Kills . | . . . Critical Parts Destroyed . | . . . Critical Strikes 5 | . 2 3 Burn 5 | . 2 3 Melee Attacks . | . . . Impact . | . . . Slashing . | . . . Piercing . | . . . Sneak Attacks . | . . . Combat Hostiles . | . . . Follow-up Attacks . | . . . Damage Inflicted 1169 | 110 397 662 Guns 1158 | 110 386 662 Cannons . | . . . Explosions . | . . . Melee . | . . . Ramming 11 | . 11 . Kinetic 92 | 47 45 . Thermal 1066 | 63 341 662 Explosive . | . . . Electromagnetic . | . . . Impact . | . . . Slashing . | . . . Piercing . | . . . Highest Corruption . | . . . Average Corruption . | . . . Corruption Purged . | . . . Corruption Blocked . | . . . Overload Shots . | . . . Overflow Damage . | . . . Projectiles . | . . . Explosions . | . . . Melee . | . . . Knockbacks . | . . . Impact . | . . . Kinetic . | . . . Secondary . | . . . Self-Inflicted Damage . | . . . Shots . | . . . Rammed 3 | . 3 . Targets Rammed 3 | . 3 . Kicked . | . . . Crushed . | . . . Highest Temperature 199 | 36 199 96 Average Temperature 34 | 16 51 25 Received Heat Transfer 186 | . 60 126 Siege Activations . | . . . Martial Activations . | . . . Shielding Activations . | . . . Robots Disrupted . | . . . Combat Hostiles . | . . . Robots Corrupted . | . . . Combat Hostiles . | . . . Parts Fried . | . . . Impact Corruptions . | . . . Robots Melted . | . . . Combat Hostiles . | . . . Parts Melted 6 | 1 4 1 Heat Transferred 2775 | 185 925 1665 Parts Sabotaged . | . . . Parts Stolen . | . . . Parts Stripped . | . . . Power Chain Reactions . | . . . Alert | -11 -10 -10 ------- Run | Yrd Mat Min Maximum Alert Level . | . . . Low Security (%) 100 | 100 100 100 Level 1 . | . . . Level 2 . | . . . Level 3 . | . . . Level 4 . | . . . Level 5 . | . . . High Security . | . . . Max Security . | . . . Peak Influence 84 | 5 84 64 Initial 14 | . . 14 Average 10 | . 13 8 Influence Increases 370 | 5 233 132 Destroy 0b10 Robot/C 220 | . 140 80 Destroy 0b10 Robot/NC 45 | 5 20 20 Destroy Leader 64 | . 44 20 Successful Hack 37 | . 25 12 Disable Machine 4 | . 4 . Influence Decreases 370 | 5 179 186 Entered New Map 40 | . . 40 Time Decay 330 | 5 179 146 Squads Dispatched 3 | . 2 1 Investigation 3 | . 2 1 Extermination . | . . . Reinforcement . | . . . Assault . | . . . Garrison . | . . . Intercept . | . . . Searches Triggered . | . . . Construction Impeded . | . . . Haulers Reinforced . | . . . Active Scanning Responses . | . . . Cargo Convoy Interrupts . | . . . Stealth | -11 -10 -10 --------- Run | Yrd Mat Min Distress Signals 1 | . 1 . Communications Jammed . | . . . Distress Signals . | . . . Times Spotted 24 | . 9 15 Peak Tracking Total 12 | . 3 12 Tactical Retreats 2 | . . 2 Traps | -11 -10 -10 ------- Run | Yrd Mat Min Traps Triggered 2 | . 2 . Indirectly . | . . . Trap Hack Attempts . | . . . Triggered . | . . . Disarmed . | . . . Reprogrammed . | . . . Reused 1 | . . 1 Traps Extracted . | . . . Installed 1 | . . 1 Triggered . | . . . Machines | -11 -10 -10 ---------- Run | Yrd Mat Min Machines Disabled 1 | . 1 . Max in Single Turn 1 | . 1 . Machines Repaired . | . . . Machines Dismantled . | . . . Machines Sabotaged . | . . . Overloaded Fab Kills . | . . . Hacking | -11 -10 -10 --------- Run | Yrd Mat Min Machines Accessed 7 | . 5 2 Terminals 6 | . 5 1 Fabricators . | . . . Repair Stations . | . . . Recycling Units . | . . . Scanalyzers . | . . . Garrison Access . | . . . Total Hacks 35 | . 26 9 Successful 29 | . 22 7 Failed 6 | . 4 2 Catastrophic . | . . . Database Lockouts . | . . . Manual 33 | . 26 7 Terminals 34 | . 26 8 Fabricators . | . . . Repair Stations . | . . . Recycling Units . | . . . Scanalyzers . | . . . Garrison Access . | . . . Terminal Hacks 23 | . 16 7 Prototype ID Bank 22 | . 16 6 Open Door 1 | . . 1 Fabricator Hacks . | . . . Repair Station Hacks . | . . . Recycling Unit Hacks . | . . . Scanalyzer . | . . . Garrison Access Hacks . | . . . Unauthorized Hacks 5 | . 5 . Terminals 5 | . 5 . Botnet 5 | . 5 . Fabricators . | . . . Repair Stations . | . . . Recycling Units . | . . . Scanalyzers . | . . . Garrison Access . | . . . Data Cores Recovered . | . . . Used . | . . . Hacking Detections 6 | . 5 1 Full Trace Events 4 | . 3 1 Feedback Events . | . . . Feedback Blocked . | . . . Robot Schematics Acquired . | . . . Robots Built . | . . . Authchips . | . . . Time . | . . . Total Robot Build Rating . | . . . Part Schematics Acquired . | . . . Parts Built . | . . . Authchips . | . . . Time . | . . . Total Part Build Rating . | . . . Part Studies Acquired . | . . . Parts Repaired . | . . . Time . | . . . Parts Recycled . | . . . Recycled Matter . | . . . Retrieved Matter . | . . . Retrieved Components . | . . . Parts Scanalyzed . | . . . Part Schematics Acquired . | . . . Parts Damaged . | . . . Bothacking | -11 -10 -10 ------------ Run | Yrd Mat Min Used RIF Installer . | . . . Robots Hacked . | . . . Non-combat . | . . . Combat . | . . . Robot Hacks Applied . | . . . Relay Couplers Released . | . . . Fabnet Peak Effective % . | . . . Robots Rewired . | . . . Allies Hacked . | . . . Hacks Repelled . | . . . Allies | -11 -10 -10 -------- Run | Yrd Mat Min Total Allies . | . . . Largest Group . | . . . Highest-Rated Group . | . . . Highest-Rated Ally . | . . . Total Orders . | . . . Ally Attacks . | . . . Total Damage . | . . . Kills . | . . . Allies Corrupted . | . . . Allies Melted . | . . . Intel | -11 -10 -10 ------- Run | Yrd Mat Min Active Infowar (turns) 508 | . 365 143 Optics 365 | . 365 . Structural 143 | . . 143 Robot Analysis Total . | . . . Derelict Logs Recovered . | . . . Drone Launches . | . . . Drone Recoveries . | . . . Exploration | -11 -10 -10 ------------- Run | Yrd Mat Min Turns Passed 1277 | 91 676 510 Spaces Moved 687 | 53 369 265 Core 19 | 19 . . Treads 668 | 34 369 265 Legs . | . . . Wheels . | . . . Hover . | . . . Flight . | . . . Fastest Speed 50 | 50 160 160 Average Speed 156 | 120 160 160 Slowest Speed 160 | 160 160 160 Overloaded Moves . | . . . Propulsion Burnouts . | . . . Robots Hopped . | . . . Potential Cave-ins . | . . . Cave-ins Triggered . | . . . Exploration Rate (%) 44 | 4 68 62 Regions Visited 2 Branch Regions 1 Pre-discovered Areas . | . . . Known Exits Taken 2 | 1 1 . Unknown Exits Taken . | . . . Scrap Searched . | . . . Spaces Dug . | . . . Terrain Destroyed . | . . . Melee . | . . . Projectile . | . . . AOE . | . . . Terrain Rammed . | . . . Walls Destroyed . | . . . Machines Disabled . | . . . Actions | -11 -10 -10 --------- Run | Yrd Mat Min Total 793 | 70 422 301 Wait 4 | . 4 . Move 685 | 52 368 265 Hop . | . . . Pick Up 20 | 7 12 1 Fast Attach 10 | 1 6 3 Attach 7 | 5 2 . Detach 4 | . 4 . Swap 2 | . 1 1 Drop 10 | . 6 4 Fire 47 | 5 16 26 Melee . | . . . Ram . | . . . Kick . | . . . Crush 3 | . 3 . Escape Stasis . | . . . Rewire . | . . . Trap 1 | . . 1 Miscellaneous . | . . . Route ------- -11/Scrapyard -10/Materials (discovered 4 exits: *Mat x2 / *Min x2) -10/Mines (discovered 1 exit: *Exi) History --------- Turn | Location | Event 13 | -11/Scrapyard | Identified exit to Materials 13 | -11/Scrapyard | Discovered exit to Materials (range 14) 92 | -11/Scrapyard | Entered Materials 92 | -10/Materials | Evolved 1 slot: Utility x1 226 | -10/Materials | Identified exit to Mines 226 | -10/Materials | Discovered exit to Mines (range 16) 301 | -10/Materials | Build established: Hacker-Mutant 367 | -10/Materials | Identified exit to Materials 367 | -10/Materials | Discovered exit to Materials (range 17) 619 | -10/Materials | Discovered exit to Materials (range 16) 750 | -10/Materials | Discovered exit to Mines (range 7) 768 | -10/Materials | Entered Mines 772 | -10/Mines | Met a Derelict bent on vengeance 791 | -10/Mines | Found the Drone Emporium 799 | -10/Mines | Found Prototype Device 799 | -10/Mines | Identified Decoy Drone Bay 943 | -10/Mines | Deemed a non-threat by the Exiles lab entrance 943 | -10/Mines | Identified exit to Exiles 943 | -10/Mines | Discovered exit to Exiles (range 5) 1154 | -10/Mines | A weapon hastily lodged in a ceiling crevice suddenly fell to the ground 1201 | -10/Mines | Assembled infested the area 1262 | -10/Mines | Core integrity fell below 50% 1262 | -10/Mines | Found a hidden stash of uninstalled traps 1274 | -10/Mines | Core integrity fell below 20% 1278 | -10/Mines | Destroyed by as-13504 with Assembled Heavy Rifle Last Messages --------------- 01223_ as-00548 destroyed. 01229_ Destroyed Asb. Hover Unit. 01232_ as-43203 destroyed. 01232_ Switching to secondary target: as-13428. 01262_ A stash of uninstalled traps is collected here! 01264_ Ion Engine destroyed. 01264_ as-36196 sneak attacks. 01264_ T-07 Excavator destroyed. 01265_ Imp. Treads destroyed. 01266_ Installed EMP Trap. 01270_ as-36196 triggered EMP Trap. 01270_ A bubble of electromagnetic force engulfs the area. 01271_ as-36196 suffers critical hit (Burn). 01274_ Imp. Treads destroyed. 01275_ as-30579 destroyed. 01277_ Imp. Medium Laser destroyed. 01277_ as-36196 suffers critical hit (Burn). 01277_ as-36196 destroyed. Map ----- +----------------------------------------------------+ | ??????????????????????????????????????? | | ??????????????????????????????????????? | | ????#####?????????????????????????????? | | ???######?????????????????????????????? | | ???## ?????????????????????????????? | | ???## ##?????????????????????????????? | | ???## ##?????????????????????????????? | | ???## ###????????????????????????????? | | ???## %####?????????????????###???????? | | ???## ####???????????????? ##???????? | | ??### ###??????????????? ##???????? | | ?#### ##??????????????? ##???????? | | #### ##?????????????## ###??????? | | ### ###?????????????## ###??????? | | % ###???????####### ##??????? | | #### ????######## ##??????? | | ########### ## ###??####? | | ######## ##???##### | | ### ##gg ### ## | | ### a #### ## | | ?## # a ## | | ?## ## %a& ""???? | | ?## ## #### %a! ####??????? | | ?## ### ###### ##& ####??????? | | ?## ## ####### ### % ##????????? | | ?##### #######??## # @ ##????????? | | ?##### ######???## # ##????????? | | ????????????????##### ## ###????????? | | ????????????????##### ### ###????????? | | ???????????????????## ### ##?????????? | | ??????????###??????## ##? ?????????? | | ?????# #### #?????# ? ?????????? | | ??????? ###??# ## ?????????? | | ?????????# ##? # ????????? | | ??????????# #? # #? ""???????? | | ????????????# ## # # "????????? | | ?????????????# #?## "????????? | | ????????????## #?## ????????? | | ???????????## ##### #??? "????????? | | ????????#### #???## ##????"????????? | | ???????## ##????# ##??????????????? | | ??????## #?????#=#???????????????? | | ?????## ##?????# #???????????????? | | ?????# ######### #######?????????? | | ?????# ###""## #?????????? | | ?????# ##" #X #?????????? | | ?????# ##" #?????????? | | ?????## ###"! #?????????? | | ??????# ###?#" # #?????????? | | ??????# #???##""## #?????????? | +----------------------------------------------------+ Best States ------------- Heat Dissipation 39 Energy Generation 10 Energy Capacity 250 Matter Stores 300 Matter Capacity 300 Sight Range 18 Terrain Scan Density 10 Armor Coverage 150 Resistance: KI 35 Resistance: TH 35 Resistance: EX 35 Resistance: EM 35 Resistance: I 35 Resistance: S 35 Resistance: P 35 Evasion (%) 50 Targeting Accuracy 5 Recoil Reduction 2 Offensive Hacking 20 Item Schematics ----------------- None Robot Schematics ------------------ None Fabricated ------------ Nothing Repaired ---------- Nothing Studied --------- None Alien Tech Used ----------------- None Achievements -------------- None Challenges ------------ None Game ------ Seed RingGravitonFemtoactuators Manual? 0 Play Time 00:11:17 Cumulative 219.6 hours Start 2025.12.22 @ 14:00:54 End 2025.12.22 @ 14:09:28 Sessions 1 Manual Loads 0 Difficulty Explorer Special Mode None Game No. 331 Rogue 0 Adventurer 0 Explorer 331 Win Type - Total 0 Types 0/0/0/0/0/0/0/0/0/0 Lore% 71 Gallery% 68 Achievement% 53 Wizard Run 0 Options --------- Layout 1 ASCII 0 Keyboard 0 Movement Mouse Keybinds 0 Fullscreen 1 Font 24/Smallcaps Map View 50x35 Zoom Use 0% Tactical HUD 1 Map Filters NONE Filters NONE Steam 1 RUN: 0d3cbcd5-248a-450d-b774-e9919c5f0605